AoeStats
← zdary

Arena

509800211Analyzed
3v3 RM · 6d ago on Sep 28, 2026· 48m 2s· 6 players
Game mode
Random Map
Map size
Normal (6 player)
Population
200
Speed
Normal
Resources
Standard
Victory
Conquest
Starting age
Dark Age
Ending age
Imperial Age
RankedLock teamsTeams togetherTeam positionsShared explorationLock speedFull tech treeHidden civsTurbo modeCheats
Victory
Defeat
🇨🇱 Portuguese · Chile
956
+10
🇨🇱 Magyars · Chile
954
+10
🇨🇱 Chinese · Chile
791
+15
🇪🇨 Goths · Ecuador
815
-12
🇪🇨 Persians · Ecuador
812
-12
🇪🇨 Malay · Ecuador
779
-11
pocho060
0:27 Loom
12:52 Feudal Age
12:27 Double-Bit Axe
18:42 Castle Age
17:04 Horse Collar
18:28 Heavy Plow
19:18 Bow Saw
25:36 Gold Mining
26:01 Forging
26:16 Squires
26:56 Pikeman
29:18 Iron Casting
40:04 Imperial Age
38:13 Wheelbarrow
37:24 Town Watch
38:17 Fletching
38:28 Padded Archer Armor
37:53 Elite Skirmisher
38:40 Thumb Ring
40:03 Bodkin Arrow
40:23 Leather Archer Armor
41:09 Blast Furnace
39:47 Halberdier
jorgevasquezpalacios
0:28 Loom
11:48 Feudal Age
14:19 Horse Collar
14:29 Double-Bit Axe
21:02 Castle Age
21:42 Heavy Plow
21:57 Bow Saw
25:25 Elite Skirmisher
28:20 Forging
28:11 Scale Mail Armor
28:16 Scale Barding Armor
30:38 Squires
30:02 Pikeman
31:44 Wheelbarrow
30:55 Town Watch
33:48 Iron Casting
39:24 Chain Mail Armor
39:00 Fletching
39:11 Padded Archer Armor
40:55 Hand Cart
andres024500
0:30 Loom
14:26 Feudal Age
14:58 Double-Bit Axe
14:56 Horse Collar
20:18 Castle Age
18:26 Scale Mail Armor
18:37 Forging
18:55 Stone Mining
19:00 Gold Mining
21:10 Wheelbarrow
21:52 Bow Saw
21:46 Heavy Plow
22:53 Pikeman
23:34 Squires
24:41 Anarchy
26:57 Hand Cart
29:36 Chain Mail Armor
29:56 Iron Casting
35:28 Padded Archer Armor
35:19 Fletching
40:32 Imperial Age
39:20 Ballistics
39:12 Masonry
38:43 Treadmill Crane
38:59 Murder Holes
41:57 Crop Rotation
42:32 Two-Man Saw
42:48 Blast Furnace
41:27 Elite Huskarl
43:33 Perfusion
43:15 Halberdier
45:52 Architecture
46:27 Chemistry
zdary
0:31 Loom
12:20 Feudal Age
14:41 Wheelbarrow
13:47 Horse Collar
13:55 Double-Bit Axe
14:01 Gold Mining
21:29 Castle Age
21:38 Stone Mining
22:32 Hand Cart
22:31 Bow Saw
22:58 Stone Shaft Mining
22:24 Heavy Plow
23:01 Gold Shaft Mining
23:21 Caravan
24:14 Town Watch
26:36 Fervor
26:53 Thumb Ring
27:50 Ballistics
29:53 Padded Archer Armor
29:43 Fletching
30:36 Town Patrol
31:25 Leather Archer Armor
31:06 Bodkin Arrow
32:37 Great Wall
36:50 Imperial Age
39:43 Conscription
38:47 Elite Chu Ko Nu
39:48 Rocketry
40:12 Ring Archer Armor
42:45 Chemistry
41:57 Fortified Wall
41:58 Masonry
45:33 Bracer
46:42 Two-Man Saw
46:14 Architecture
47:00 Heated Shot
47:01 Guard Tower
47:31 Bombard Tower
46:56 Arrowslits
47:41 Illumination
47:16 Devotion
47:16 Atonement
47:12 Herbal Medicine
47:52 Theocracy
47:33 Block Printing
47:32 Forging
47:23 Scale Mail Armor
47:28 Scale Barding Armor
47:55 Coinage
Tomate
10:05 Loom
12:15 Feudal Age
16:16 Castle Age
14:12 Double-Bit Axe
14:26 Horse Collar
15:52 Bloodlines
16:59 Husbandry
17:39 Scale Barding Armor
19:21 Wheelbarrow
20:30 Hand Cart
22:36 Bow Saw
22:28 Heavy Plow
24:24 Gold Mining
24:08 Light Cavalry
24:55 Town Watch
29:02 Gold Shaft Mining
28:51 Chain Barding Armor
31:18 Corvinian Army
35:39 Imperial Age
33:10 Stone Mining
34:39 Fletching
35:55 Cavalier
38:22 Crop Rotation
40:53 Plate Barding Armor
42:48 Elite Magyar Huszar
43:48 Conscription
44:16 Pikeman
46:41 Halberdier
nnickk0
9:45 Feudal Age
13:38 Castle Age
12:01 Double-Bit Axe
15:54 Fervor
22:49 Wheelbarrow
23:04 Loom
23:17 Horse Collar
24:01 Bow Saw
23:39 Crossbowman
24:46 Thumb Ring
24:35 Fletching
24:46 Padded Archer Armor
25:45 Heavy Plow
33:24 Imperial Age
35:02 Hand Cart
36:31 Chemistry
35:37 Siege Engineers
38:24 Capped Ram
40:00 Crop Rotation
40:32 Two-Man Saw
39:27 Arbalester
40:18 Bodkin Arrow
40:38 Leather Archer Armor
41:15 Gold Mining
41:20 Stone Mining
45:44 Bracer
46:15 Ring Archer Armor
46:08 Man-at-Arms
46:34 Gambesons
46:35 Arson
Connection lost

Rejoining the realm…

Still unreachable

The connection could not be restored.

Session expired

The server has moved on; the page needs a fresh start.